 Dungeon Crawl Stone Soup version 0.27.0-66-gdc8fb28755 (webtiles) character file.

Game seed: 11835162373460235289

3829 pkoi the Grappler (level 9, -1/80 HPs)
             Began as a Troll Monk on Aug 20, 2021.
             Was a Priest of Makhleb.
             Slain by an eight-headed hydra (9 damage)
             ... on level 6 of the Dungeon.
             The game lasted 00:08:03 (5384 turns).

pkoi the Grappler (Troll Monk)                      Turns: 5384, Time: 00:08:04

Health: -1/80      AC:  6    Str: 24    XL:     9   Next: 97%
Magic:  12/12      EV: 12    Int:  6    God:    Makhleb [***...]
Gold:   269        SH:  0    Dex: 12    Spells: 8/8 levels left

rFire    . . .     SeeInvis +     - Unarmed
rCold    . . .     Faith    .   (no shield)
rNeg     . . .     Spirit   .   a - +0 robe
rPois    .         Reflect  .   (helmet restricted)
rElec    .         Harm     .   s - +1 cloak
rCorr    .         Rampage  .   (gloves unavailable)
Will     .....                  (boots unavailable)
Stlth    ++........             (no amulet)
HPRegen  1.23/turn              i - ring of see invisible
MPRegen  0.13/turn              (no ring)

@: about to teleport
A: large, unfitting armour, claws 3, regeneration 1, shaggy fur 1, tough skin 1
a: Renounce Religion, Minor Destruction, Lesser Servant of Makhleb


You were on level 6 of the Dungeon.
You worshipped Makhleb.
Makhleb was most pleased with you.
You visited 2 branches of the dungeon, and saw 8 of its levels.

You collected 269 gold pieces.

Inventory:

Missiles
 f - 7 boomerangs of dispersal
 h - 54 poisoned darts (quivered)
 r - 3 throwing nets
 C - a curare-tipped dart
Armour
 a - a +0 robe (worn)
 l - a +0 kite shield
 s - a +1 cloak (worn)
Jewellery
 i - a ring of see invisible (left claw)
 q - a ring of fire
 w - an amulet of magic regeneration
Wands
 j - a wand of flame (21)
 t - a wand of iceblast (6)
 A - a wand of polymorph (8)
Scrolls
 b - 2 scrolls of identify
 c - a scroll of enchant weapon
 x - 3 scrolls of immolation
 y - a scroll of magic mapping
 B - a scroll of fog {unknown}
Potions
 e - 3 potions of flight {unknown}
 g - a potion of cancellation {unknown}
 k - 2 potions of haste {unknown}
 m - a potion of berserk rage {unknown}
 n - a potion of resistance {unknown}
 o - a potion of lignification
 p - a potion of attraction
 u - a potion of ambrosia
 v - 2 potions of curing
 z - a potion of brilliance {unknown}


   Skills:
 - Level 2.4 Fighting
 + Level 6.3 Dodging
 - Level 1.0 Stealth
 * Level 11.3 Unarmed Combat
 + Level 5.3 Invocations


You had 8 spell levels left.
You didn't know any spells.
Your spell library contained the following spells:

 Spells                   Type           Power      Damage    Failure   Level
 Static Discharge         Conj/Air       0%         N/A       58%         2
 Dazzling Flash           Conj/Hex       0%         N/A       83%         3
 Agony                    Necr           0%         N/A       100%        5
 Lightning Bolt           Conj/Air       0%         1d11      100%        5
 Silence                  Hex/Air        0%         N/A       100%        5
 Maxwell's Capacitive Co  Air            0%         ∞         100%        8


Dungeon Overview and Level Annotations

Branches:
Dungeon (7/15)             Temple (1/1) D:4

Altars:
Dithmenos
Elyvilon
Fedhas
Hepliaklqana
Kikubaaqudgha
Makhleb
Nemelex Xobeh
Okawaru
Qazlal
Trog
Uskayaw
Wu Jian
Xom
Yredelemnul
Zin
The Shining One

Shops:
D:2 (   D:3 (   D:5 *


Innate Abilities, Weirdness & Mutations

You are too large for most types of armour.
You have claws for hands.
Your natural rate of healing is unusually fast.
You are covered in fur. (AC +1)
You have tough skin. (AC +1)


Message History

There is a stone staircase leading down here.
You climb downwards.
There is a stone staircase leading up here.
(D) Dungeon (T) Temple
Where to? (Enter - D:7, ? - help)
Items here: )) [ †.
There is a stone staircase leading down, spattered with blood here.
You climb downwards.
An orc warrior comes into view.
It is wielding a +0 scimitar and carrying a wand of mindburst (15).
The eight-headed hydra bites you but does no damage. x2
The eight-headed hydra bites you. The eight-headed hydra bites you!
The eight-headed hydra bites you but does no damage.
The eight-headed hydra bites you.
The eight-headed hydra barely misses you.
The eight-headed hydra closely misses you.
The slime creature misses you.
There is a stone staircase leading up, spattered with blood here.
The eight-headed hydra bites you!
The eight-headed hydra closely misses you.
The eight-headed hydra bites you! The eight-headed hydra bites you.
The eight-headed hydra completely misses you.
The eight-headed hydra bites you. The eight-headed hydra misses you.
The eight-headed hydra bites you!
* * * LOW HITPOINT WARNING * * *
The slime creature hits you!
* * * LOW HITPOINT WARNING * * *
The orc warrior shouts!
You climb upwards.
There is a stone staircase leading down, spattered with blood here.
Unknown command.
As you read the scroll of teleportation, it crumbles to dust.
You feel strangely unstable.
The eight-headed hydra bites you but does no damage.
The eight-headed hydra bites you.
* * * LOW HITPOINT WARNING * * *
The eight-headed hydra barely misses you.
The eight-headed hydra bites you.
* * * LOW HITPOINT WARNING * * *
The eight-headed hydra bites you!
You die...

###...###.# #..# ######.##
..###.....# #..# #.#
....##.#### #..# #.#
.⌠..#..# #..# #.# ...##.##
#..# #.# #..#..#######..#
#.# ####.##.<......# #.#
..#..#.#######.### #.#
#...##.##### #.D@# #.#
###.#......# ###J# #.#
..#+##z###.# #.# #.#
#.(.##.###.# #.#######.#
##.###.##..# #.......#.#
#..# #.#...## #######.#.#
#.####......##### #<#.#
..#..#..........# #.#.#
.##...........#.######.#.#


You could see an eight-headed hydra and a slime creature.

Vanquished Creatures
  An unseen horror (D:7)
  A slime creature (D:6)
  Sigmund (D:3)
  A wyvern (D:5)
  A steam dragon (D:6)
  Edmund (D:6)
  An acid dragon (D:7)
  2 water moccasins
  3 sky beasts
  2 ice beasts (D:7)
  A black bear (D:7)
  A hornet zombie (D:7)
  5 ogres
  A phantom (D:7)
  A kobold brigand (D:6)
  2 gnoll sergeants (D:7)
  3 bullfrogs
  A wyvern skeleton (D:7)
  2 water moccasin skeletons
  3 wights (D:7)
  A howler monkey (D:4)
  A centaur zombie (D:6)
  A lava snake (D:7)
  A hound (D:4)
  A gnoll shaman (D:6)
  4 jellies
  3 iguanas
  2 orc wizards (D:6)
  A killer bee zombie (D:7)
  2 hound skeletons (D:4)
  A howler monkey zombie (D:6)
  8 gnolls
  6 adders
  A shadow imp (D:7)
  2 ufetubi
  An adder skeleton (D:4)
  2 worms
  3 dart slugs
  6 orcs
  10 ball pythons
  5 bats
  8 endoplasms
  3 giant cockroaches
  7 goblins
  8 hobgoblins
  5 jackals (D:2)
  6 quokkas
  7 frilled lizards
  5 kobolds
  9 rats
154 creatures vanquished.

Vanquished Creatures (others)
  A hobgoblin (D:4)
  8 plants (D:6)
9 creatures vanquished.

Grand Total: 163 creatures vanquished

Notes
Turn   | Place    | Note
-------+----------+-------------------------------------------
     0 | D:1      | pkoi the Troll Monk began the quest for the Orb.
     0 | D:1      | Reached XP level 1. HP: 22/22 MP: 0/0
   136 | D:1      | Reached XP level 2. HP: 27/29 MP: 1/1
   324 | D:1      | Reached skill level 4 in Unarmed Combat
   548 | D:2      | Reached XP level 3. HP: 36/36 MP: 2/2
   756 | D:2      | Reached skill level 5 in Unarmed Combat
   756 | D:2      | Reached XP level 4. HP: 44/44 MP: 3/3
  1043 | D:2      | Found Imiu's Weapon Shop.
  1090 | D:2      | Found a faded altar of an unknown god.
  1337 | D:3      | Found Dokui's Weapon Shop.
  1557 | D:3      | Reached XP level 5. HP: 46/50 MP: 4/4
  1652 | D:3      | Noticed Sigmund
  1661 | D:3      | Killed Sigmund
  1662 | D:3      | Reached skill level 6 in Unarmed Combat
  1662 | D:3      | Reached XP level 6. HP: 28/59 MP: 5/5
  1829 | D:4      | Noticed a sky beast
  1869 | D:4      | Reached skill level 7 in Unarmed Combat
  1927 | D:4      | Killed a sky beast
  1928 | D:4      | Reached XP level 7. HP: 59/66 MP: 6/6
  2185 | D:4      | Identified the +3 spear "Obir" {flame, rC+ Str+3}
  2251 | D:4      | Found a staircase to the Ecumenical Temple.
  2269 | D:4      | Identified the +1 ring mail of Autumn {Contam +Blink rElec
                  | Str+6}
  2293 | Temple   | Entered the Ecumenical Temple
  2382 | Temple   | Became a worshipper of Makhleb the Destroyer
  2382 | Temple   | Reached * piety under Makhleb
  2382 | Temple   | Reached ** piety under Makhleb
  2681 | D:5      | Entered Level 5 of the Dungeon
  2812 | D:5      | Noticed a wyvern
  2821 | D:5      | Killed a wyvern
  2822 | D:5      | Reached skill level 8 in Unarmed Combat
  2822 | D:5      | Reached skill level 1 in Invocations
  2950 | D:5      | Found Ymaaxim's CLEARANCE SALE! EVERYTHING MUST GO!.
  3322 | D:6      | Reached XP level 8. HP: 39/74 MP: 8/8
  3558 | D:6      | Found a basalt altar of Yredelemnul.
  3611 | D:6      | Found a stormy altar of Qazlal.
  3662 | D:6      | Reached skill level 9 in Unarmed Combat
  3837 | D:6      | Identified the +10 trident of Heramir {flame, rF+++ Will-
                  | Str-4 Stlth+}
  3913 | D:6      | Noticed Edmund
  3935 | D:6      | Killed Edmund
  3971 | D:6      | Reached skill level 5 in Dodging
  4400 | D:7      | Reached XP level 9. HP: 79/80 MP: 10/10
  4454 | D:7      | Reached skill level 10 in Unarmed Combat
  4485 | D:7      | Reached *** piety under Makhleb
  4494 | D:7      | Noticed an eight-headed hydra
  4619 | D:7      | Noticed an unseen horror
  4659 | D:7      | Killed an unseen horror
  4760 | D:7      | Reached skill level 5 in Invocations
  5044 | D:7      | Found a white marble altar of Elyvilon.
  5068 | D:7      | Reached skill level 11 in Unarmed Combat
  5106 | D:7      | Found a hide-covered altar of Uskayaw.
  5190 | D:7      | Noticed a skeletal warrior
  5384 | D:6      | Slain by an eight-headed hydra

Illustrated notes

Levels and vault maps discovered:
D:1:      lordsloth_arrival_two_stooges, layout_rooms, minivault_25
D:2:      kennysheep_six_static_rooms, layout_basic,
          hellmonk_ecumenical_altar_slurped_away, serial_shops, shop
D:3:      layout_basic, serial_shops,
          nicolae_shop_temple_entry_statues_fountains, uniq_sigmund
D:4:      minmay_clustersquares, layout_loops_ring
D:5:      layout_gridville, nicolae_shop_clearance
D:6:      minmay_skewed_foursquare, layout_loops_ring, kennysheep_mini,
          lemuel_tele_altar, serial_bayou_ford_a, kennysheep_generic_room_12,
          uniq_edmund
D:7:      nzn_winding_woodlands_stair_cross [nzn_winding_woodlands_5x15_pockets,
          nzn_winding_woodlands_center_pierced_h,
          nzn_winding_woodlands_5x15_river_crossing,
          nzn_winding_woodlands_5x5_closed_star,
          nzn_winding_woodlands_5x5_cross,
          nzn_winding_woodlands_5x15_sidewinder,
          nzn_winding_woodlands_center_lodge,
          nzn_winding_woodlands_5x15_crooked], layout_basic,
          lemuel_crystal_altar, nicolae_uskayaw_suspiria, pf_just_have_faith
Temple:   nicolae_temple_hex_pool

Skill      XL: |  1  2  3  4  5  6  7  8  9 |
---------------+----------------------------+-----
Unarmed Combat | 4 5 6 7 8 9 11 | 11.3
Dodging        | 3 4 5 6 |  6.3
Invocations    | 2 3 5 |  5.3
Fighting       | |  2.4
Stealth        | |  1.0

Action                   |  1- 3 |  4- 6 |  7- 9 || total
-------------------------+-------+-------+-------++-------
Melee: Unarmed           |   123 |   115 |   276 ||   514
       Punch             |     1 |     3 |    13 ||    17
Invok: Minor Destruction |       |       |     1 ||     1
       Lesser Servant of |       |       |     1 ||     1
  Use: Scroll            |       |       |    13 ||    13
 Stab: Sleeping          |     2 |     3 |       ||     5
Armor: Robe              |    43 |    24 |    61 ||   128
Dodge: Dodged            |    70 |    48 |   152 ||   270
